 Dungeon Crawl Stone Soup version 0.26-a0-540-g8a0c9464d7 (webtiles) character file.

Game seed: 5806446956802555505

2730 HammerPanzer the Basher (level 9, -6/70 HPs)
             Began as a Minotaur Berserker on Aug 18, 2020.
             Was an Elder of Trog.
             Mangled by an orc warrior
             ... wielding a +0 battleaxe
              (11 damage)
             ... on level 6 of the Dungeon.
             The game lasted 00:14:26 (5886 turns).

HammerPanzer the Basher (Minotaur Berserker)        Turns: 5886, Time: 00:14:26

Health: -6/70      AC: 14    Str: 23    XL:     9   Next: 40%
Magic:  0/8        EV:  4    Int:  5    God:    Trog [****..]
Gold:   246        SH:  7    Dex: 11    Spells: 8/8 levels left

rFire    . . .     SeeInvis .   i - +1 flail
rCold    . . .     Faith    .   j - +0 kite shield
rNeg     . . .     Spirit   +   g - +1 plate armour
rPois    .         Reflect  .   (helmet restricted)
rElec    .         Harm     .   (no cloak)
rCorr    .                      s - +0 pair of gloves
MR       +....                  r - +0 pair of boots
Stlth    ..........             h - amulet of guardian spirit
HPRegen  0.21/turn              k - ring of protection from magic
MPRegen  0.11/turn              (no ring)

@: no status effects
A: retaliatory headbutt, horns 2
a: Berserk, Trog's Hand, Brothers in Arms, Renounce Religion


You were on level 6 of the Dungeon.
You worshipped Trog.
Trog was greatly pleased with you.
You visited 1 branch of the dungeon, and saw 6 of its levels.

You collected 285 gold pieces.
You spent 39 gold pieces at shops.

Inventory:

Hand Weapons
 i - a +1 flail (weapon)
 o - a +2 whip of flaming
Armour
 g - a +1 plate armour (worn)
 j - a +0 kite shield (worn)
 r - a +0 pair of boots (worn)
 s - a +0 pair of gloves (worn)
Jewellery
 h - an amulet of guardian spirit (around neck)
 k - a ring of protection from magic (left hand)
Wands
 d - a wand of flame (35)
 q - a wand of digging (8)
Scrolls
 e - a scroll of amnesia {unknown}
 f - 5 scrolls of remove curse
 p - a scroll of vulnerability {unknown}
 w - a scroll of magic mapping
 x - a scroll of enchant weapon
 y - a scroll of identify
Potions
 a - 3 potions of might {unknown}
 b - 4 potions of lignification
 c - 2 potions of flight
 l - 2 potions of curing
 m - 2 potions of mutation
 n - a potion of berserk rage
 t - a potion of haste {unknown}
 u - a potion of cancellation {unknown}
 v - a potion of degeneration {unknown}
 z - 2 potions of heal wounds {unknown}


   Skills:
 - Level 3.6 Fighting
 * Level 14.9 Maces & Flails
 - Level 2.4 Armour
 - Level 2.1 Dodging


You had 8 spell levels left.
You didn't know any spells.
Your spell library was empty.

Dungeon Overview and Level Annotations

Branches:
Dungeon (6/15)             Temple (0/1) D:4

Altars:
Trog
Vehumet
Wu Jian

Shops:
D:4 *[


Innate Abilities, Weirdness & Mutations

You reflexively headbutt those who attack you in melee.
You have a pair of horns on your head.


Message History

* * * LOW HITPOINT WARNING * * *
The orc hits you but does no damage.
You sock the orc!
You kill the orc!
Trog accepts your kill.
You hit the orc warrior. Your headbutt misses the orc warrior.
The orc warrior is heavily wounded.
The orc warrior hits you with a +0 battleaxe!
* * * LOW HITPOINT WARNING * * *
An orc comes into view.
You closely miss the orc warrior.
The orc warrior is heavily wounded.
The orc shouts!
The orc warrior hits you but does no damage.
You barely miss the orc warrior.
The orc warrior is heavily wounded.
You hit the orc warrior.
The orc warrior is severely wounded.
The orc warrior hits you with a +0 battleaxe!
You die...

#.# .......o.# #.#
.#######.## #.# #.o#
#.# ##.# #.# #)## #.#
#..# ..# ##.###### #.#
####.########.......##
...#
#......@o..o..†.......
##.#
#..#...##.....######+#
.# #.#.....##.#...# ..
.. #..##....'...+ ...
#. ..........#...# ##
# ################


You could see an orc warrior and an orc.

Vanquished Creatures
  Pikel (D:4)
  Grinder (D:5)
  Duvessa (D:4)
  2 ice beasts (D:6)
  An orc warrior (D:6)
  2 black bears (D:6)
  2 ogres (D:5)
  A phantom (D:6)
  3 lemures (D:4)
  A bullfrog (D:6)
  Dowan (D:4)
  2 bullfrog skeletons (D:4)
  4 hounds (D:4)
  2 bullfrog zombies
  3 orc priests
  2 jellies (D:6)
  2 iguanas (D:6)
  9 orc wizards
  7 worker ants
  4 gnolls (D:5)
  9 adders
  2 shadow imps (D:6)
  2 ufetubi
  2 oozes
  An adder skeleton (D:4)
  4 worms
  3 dart slugs
  5 leopard geckos
  24 orcs
  6 giant cockroaches
  9 goblins
  9 hobgoblins
  4 jackals (D:2)
  6 kobolds
  A quokka (D:4)
  7 ball pythons
  12 bats
  5 frilled lizards
  A leopard gecko skeleton (D:4)
  9 rats
172 creatures vanquished.

Notes
Turn   | Place    | Note
-------+----------+-------------------------------------------
     0 | D:1      | HammerPanzer the Minotaur Berserker began the quest for the
                  | Orb.
     0 | D:1      | Reached XP level 1. HP: 19/19 MP: 0/0
   120 | D:1      | Reached skill level 4 in Maces & Flails
   321 | D:1      | Reached XP level 2. HP: 21/26 MP: 1/1
   729 | D:1      | Reached skill level 5 in Maces & Flails
  1115 | D:2      | Reached XP level 3. HP: 31/31 MP: 2/2
  1195 | D:2      | Reached ** piety under Trog
  1507 | D:2      | Reached skill level 6 in Maces & Flails
  1507 | D:2      | Reached XP level 4. HP: 28/39 MP: 3/3
  2289 | D:3      | Reached XP level 5. HP: 45/45 MP: 4/4
  2345 | D:3      | Reached skill level 7 in Maces & Flails
  2356 | D:3      | Reached *** piety under Trog
  2951 | D:4      | Reached skill level 8 in Maces & Flails
  3141 | D:4      | Found a staircase to the Ecumenical Temple.
  3149 | D:4      | Reached XP level 6. HP: 51/51 MP: 5/5
  3239 | D:4      | Found Azxig's Armour Emporium.
  3344 | D:4      | Reached skill level 9 in Maces & Flails
  3451 | D:4      | Found Yghoezo's General Store.
  3481 | D:4      | Bought a potion of curing for 39 gold pieces
  3553 | D:4      | Noticed Pikel
  3662 | D:4      | Reached XP level 7. HP: 53/57 MP: 6/6
  3698 | D:4      | Noticed Dowan
  3698 | D:4      | Noticed Duvessa
  3708 | D:4      | Killed Duvessa
  3708 | D:4      | Reached skill level 10 in Maces & Flails
  3710 | D:4      | Killed Dowan
  3769 | D:4      | Killed Pikel
  3769 | D:4      | Reached skill level 11 in Maces & Flails
  3769 | D:4      | Reached XP level 8. HP: 53/64 MP: 4/7
  4380 | D:5      | Entered Level 5 of the Dungeon
  4384 | D:5      | Found a radiant altar of Vehumet.
  4389 | D:5      | Reached skill level 12 in Maces & Flails
  4404 | D:5      | Noticed Grinder
  4482 | D:5      | Reached **** piety under Trog
  4691 | D:5      | Paralysed by Grinder for 7 turns
  4716 | D:5      | Killed Grinder
  4716 | D:5      | Reached skill level 13 in Maces & Flails
  5002 | D:6      | Found a bloodstained altar of Trog.
  5121 | D:6      | Reached XP level 9. HP: 70/70 MP: 8/8
  5183 | D:6      | Reached skill level 14 in Maces & Flails
  5734 | D:6      | Found an ornate altar of the Wu Jian Council.
  5886 | D:6      | Mangled by an orc warrior

Illustrated notes

Levels and vault maps discovered:
D:1:      minmay_arrival_jagged, layout_loops_corners, grunt_decor_resistance
D:2:      layout_loops_ring, minmay_shallow_snake_nest
D:3:      layout_basic
D:4:      layout_loops_corners, minmay_temple_entry_hall, serial_shops,
          kennysheep_little_box, nicolae_shop_competitors_out_of_business,
          uniq_duvessa, uniq_pikel
D:5:      layout_rooms, vehumet_crystals, dk_vineyard_2, uniq_grinder
D:6:      minmay_thinvault, layout_basic, lemuel_coloured_pillars_altar,
          kennysheep_minor_cross, trog_ov_bears_minmay

Skill      XL: |  1  2  3  4  5  6  7  8  9 |
---------------+----------------------------+-----
Maces & Flails | 4 5 6 8 9 11 13 14 | 14.9
Fighting       | |  3.6
Armour         | |  2.4
Dodging        | |  2.1

Action                   |  1- 3 |  4- 6 |  7- 9 || total
-------------------------+-------+-------+-------++-------
Melee: Mace              |    87 |    89 |       ||   176
       Headbutt          |    12 |    36 |    35 ||    83
       Flail             |       |   128 |   211 ||   339
Invok: Berserk           |     1 |     2 |     3 ||     6
  Use: Scroll            |       |    10 |     3 ||    13
Armor: Animal skin       |     2 |       |       ||     2
       Plate armour      |    54 |   134 |    80 ||   268
Dodge: Dodged            |    27 |    23 |    25 ||    75
Block: Kite shield       |    18 |    67 |    58 ||   143

Table legend: (Time is in decaauts)
 A = Elapsed time spent in this place.
 B = Non-inter-level travel time spent in this place.
 C = Inter-level travel time spent in this place.
 D = Time resting spent in this place.
 E = Time spent auto-exploring this place.
 F = Levels seen in this place.
 G = Mean time per level.
                   A        B        C        D        E       F      G
               +--------+--------+--------+--------+--------+-----+--------+
         Total |   5958 |   5846 |    112 |   1454 |   3052 |   6 |  993.0 |
       Dungeon |   5958 |   5846 |    112 |   1454 |   3052 |   6 |  993.0 |
               +--------+--------+--------+--------+--------+-----+--------+

Top non-repeatable levels by time:
     D:4: 1527 daAuts
     D:2: 1177 daAuts
     D:1: 1112 daAuts
     D:6: 911 daAuts
     D:3: 709 daAuts
     D:5: 520 daAuts
